Description

A build I came up with, it's a widow mine drop in natural and/or main, with 12 Marine 1 Siege tank at the natural at 5:00, you can macro behind or make it all in. this is a test build order against very easy A.I. to show timings within the first 5 minutes, my micro isn't that great, maybe a better Terran can make it hit harder with better micro, I'm high Gold low Plat lvl. MMR 2719

Replay - TvP timing 5:00 (12)Marine (2)Mine (1)tank (1)Medivac

Build Order

Get SALT Encoding   

  12  0:00  SCV  
  13  0:13  SCV  
  14  0:17  Supply Depot  
  14  0:25  SCV  
  15  0:39  SCV  
  15  0:40  Barracks  
  16  0:45  Refinery  
  16  0:51  SCV  
  17  1:03  SCV  
  18  1:15  SCV  
  19  1:27  Orbital Command  
  19  1:28  Marine  
  20  1:39  Command Center  
  20  1:47  Barracks Reactor  
  20  1:54  Supply Depot  
  20  1:55  SCV  
  21  2:05  Factory  
  21  2:07  SCV  
  22  2:12  Refinery  
  22  2:19  SCV  
  23  2:22  Marine x2  
  26  2:40  Marine x2  
  29  2:50  Widow Mine  
  31  2:51  Starport  
  31  2:53  Orbital Command  
  31  2:58  Marine x2  
  33  3:09  Supply Depot  
  33  3:13  Factory Tech Lab  
  33  3:17  Marine x2  
  37  3:31  Medivac  
  37  3:33  Widow Mine  
  41  3:37  Marine  
  48  3:56  Siege Tank  
  54  4:05  Barracks  
  54  4:11  Starport Reactor, Barracks  
  54  4:17  Supply Depot  
  54  4:40  Siege Tank  
  61  4:48  Command Center  
  61  4:51  Engineering Bay x2  
  62  4:54  Barracks Tech Lab  
  58  5:30  Siege Tank  
  62  5:44  Barracks Tech Lab x2  
  62  6:01  Refinery x2  
  62  6:02  Siege Tank  
  73  6:34  Siege Tank  
  73  6:37  Orbital Command  
  76  6:43  Barracks  
  76  6:46  Supply Depot  
Spawning Tool Build Advisor. Get it on Overwolf

Analysis

Just putting this out to get feedback on it, if you'd like i have a maru 4:30 bunker rush I learned from one of his streams on ladder.

Go to:

Details

  • Created by: TheMarine
  • Published on: Sep 16, 2022
  • Modified on: Sep 16, 2022
  • Patch: 4.11.0
  • Difficulty: Hard
Show
View Real Time Build Order
Export as new Build Order

Comments (0)

There are no comments. Be the first!

Create an account to comment!